 Dungeon Crawl Stone Soup version 0.22-a0-858-g985ef60 (webtiles) character file.

15145 Amnesiac the Jinx (level 11, -1/68 HPs)
             Began as a Mummy Enchanter on July 27, 2018.
             Was a Priest of Dithmenos.
             Slain by an orc warrior
             ... wielding a +0 halberd
             ... led by an orc knight
              (17 damage)
             ... on level 2 of the Orcish Mines.
             The game lasted 00:33:04 (14934 turns).

Amnesiac the Jinx (Mummy Enchanter)                Turns: 14934, Time: 00:33:05

Health: -1/68      AC: 16    Str: 13    XL:     11   Next: 98%
Magic:  10/25      EV: 11    Int: 20    God:    Dithmenos [***...]
Gold:   1532       SH:  6    Dex: 12    Spells: 12/31 levels left

rFire    . . .     SeeInvis .   a - +6 dagger (elec)
rCold    + + .     Gourm    .   L - +2 buckler {AC+3}
rNeg     + + +     Faith    .   f - +1 leather armour {rC+}
rPois    ∞         Spirit   .   d - +2 helmet {Int+3}
rElec    .         Reflect  .   D - +2 cloak
rCorr    .         Harm     .   s - +1 pair of gloves
MR       +....                  x - +0 pair of boots
Stlth    ++++......             (no amulet)
HPRegen  0.21/turn              t - ring of protection from fire
MPRegen  0.19/turn              J - +5 ring of slaying

@: very slightly contaminated, wreathed by umbra
A: no food or potions, fire vulnerability, cold resistance 1, negative energy
resistance 3, torment resistance, unbreathing
a: Shadow Step, Renounce Religion


You were on level 2 of the Orcish Mines.
You worshipped Dithmenos.
Dithmenos was most pleased with you.
You were not hungry.

You visited 4 branches of the dungeon, and saw 15 of its levels.
You also visited: Ossuary.

You collected 1532 gold pieces.

Inventory:

Hand Weapons
 a - a +6 dagger of electrocution (weapon)
 b - a +3 hunting sling of freezing
 K - the +6 scimitar "Defy" {flame, rElec rF+}
   (You found it on level 11 of the Dungeon)

   It has been specially enchanted to burn those struck by it, causing extra
   injury to most foes and up to half again as much damage against particularly
   susceptible opponents.
   Big, fiery blades are also staple armaments of hydra-hunters.
   It protects you from fire.
   It insulates you from electricity.
Missiles
 j - 295 stones (quivered)
 r - 36 sling bullets
Armour
 d - a +2 helmet of intelligence (worn)
 f - a +1 leather armour of cold resistance (worn)
 s - a +1 pair of gloves (worn)
 x - a +0 pair of boots (worn)
 D - a +2 cloak (worn)
 F - the +7 plate armour of the New World {MR+ Regen+}
   (You took it off an orc warrior on level 11 of the Dungeon)

   It affects your resistance to hostile enchantments.
   It increases your rate of regeneration.
 H - a +1 hat of see invisible
 L - a +2 buckler of protection (worn)
Jewellery
 c - an uncursed ring of wizardry
 m - an uncursed ring of flight
 n - an uncursed ring of stealth
 t - a ring of protection from fire (left hand)
 y - an uncursed ring of protection from fire
 J - a +5 ring of slaying (right hand)
Wands
 o - a wand of random effects (85)
 p - a wand of polymorph (23)
 w - a wand of iceblast (22)
 z - a wand of paralysis (18)
Scrolls
 g - a scroll of fear {!r}
 h - a scroll of fog {!r}
 i - a scroll of silence {!r}
 l - a scroll of magic mapping {!r}
 q - a scroll of noise {!r}
 u - 4 scrolls of identify {!r}
 v - a scroll of teleportation {!r}
 A - a scroll of blinking {!r}
 B - a scroll of remove curse {!r}
 E - a scroll of vulnerability {!r}


   Skills:
 * Level 9.7 Short Blades
 - Level 1.5 Dodging
 + Level 6.8 Stealth
 + Level 2.0 Shields
 - Level 10.6 Spellcasting
 - Level 10.6 Hexes


You had 12 spell levels left.
You knew the following spells:

 Your Spells              Type           Power        Failure   Level  Hunger
a - Ensorcelled Hibernat  Hex/Ice        ####..       1%          2    N/A
b - Call Imp              Summ           ##......     17%         2    N/A
c - Corona                Hex            ######.      1%          1    N/A
d - Dazzling Spray        Conj/Hex       ####..       3%          3    N/A
e - Confuse               Hex            ######..     1%          3    N/A
s - Conjure Flame         Conj/Fire      ##......     32%         3    N/A
v - Blink                 Tloc           N/A          17%         2    N/A
w - Tukima's Dance        Hex            ######..     1%          3    N/A

Your spell library contained the following spells:

 Spells                   Type           Power        Failure   Level  Hunger
 Magic Dart               Conj           ##..         11%         1    N/A
 Slow                     Hex            ######..     1%          2    N/A
 Mephitic Cloud           Conj/Pois/Air  ##......     32%         3    N/A
 Regeneration             Chrm/Necr      ##........   32%         3    N/A
 Shroud of Golubria       Chrm/Tloc      ##........   17%         2    N/A
 Infusion                 Chrm           ##..         11%         1    N/A
 Song of Slaying          Chrm           ##......     17%         2    N/A
 Spectral Weapon          Hex/Chrm       ####....     3%          3    N/A

Dungeon Overview and Level Annotations

Branches:
Dungeon (11/15)            Temple (1/1) D:5            Lair (1/6) D:8
    Orc (2/2) D:10
    Elf: Orc:2

Altars:
Ashenzari
Cheibriados
Dithmenos
Elyvilon
Fedhas
Gozag
Hepliaklqana
Kikubaaqudgha
Makhleb
Nemelex Xobeh
Okawaru
Qazlal
Ru
Sif Muna
Trog
Uskayaw
Vehumet
Wu Jian
Xom
Yredelemnul
Zin
The Shining One
Beogh

Shops:
D:7 !

Annotations:
D:5 3 runed doors, Kuinu's ghost, novice MiFi; tilp's ghost, novice MfIE


Innate Abilities, Weirdness & Mutations

You do not eat or drink.
Your flesh is vulnerable to fire.
You are immune to poison.
Your flesh is cold resistant. (rC+)
You are immune to negative energy. (rN+++)
You are immune to unholy pain and torment.
You can survive without breathing.


Message History

Confirm with . or Enter, or press ? or * to list all spells.
Aiming: Ensorcelled Hibernation (safe; 1% risk of failure)
Press: ? - help, Shift-Dir - straight line, f/p - ogre
Aim: an ogre, wielding a giant club (umbra, chance to defeat MR: 60%)
The ogre looks drowsy...
Unknown command.
The helpless ogre fails to defend itself.
You perforate the ogre like a sieve!!!! Lightning courses through the ogre!
You kill the ogre!
Dithmenos accepts your kill.
Casting: Ensorcelled Hibernation (safe; 1% risk of failure)
Confirm with . or Enter, or press ? or * to list all spells.
Aiming: Ensorcelled Hibernation (safe; 1% risk of failure)
Press: ? - help, Shift-Dir - straight line, f - orc knight
Aim: an orc knight, wielding a great sword and wearing a plate armour (umbra, chance to defeat MR: 42%)
You miscast Ensorcelled Hibernation.
You are very lightly contaminated with residual magic.
A chill runs through your body.
The orc knight hits you with a great sword!!
Unknown command.
Casting: Ensorcelled Hibernation (safe; 1% risk of failure)
Confirm with . or Enter, or press ? or * to list all spells.
Aiming: Ensorcelled Hibernation (safe; 1% risk of failure)
Press: ? - help, Shift-Dir - straight line, f/p - orc knight
Aim: an orc knight, wielding a great sword and wearing a plate armour (umbra, chance to defeat MR: 42%)
The orc knight resists with some effort.
Unknown command.
Casting: Ensorcelled Hibernation (safe; 1% risk of failure)
Confirm with . or Enter, or press ? or * to list all spells.
Aiming: Ensorcelled Hibernation (safe; 1% risk of failure)
Press: ? - help, Shift-Dir - straight line, f/p - orc knight
Aim: an orc knight, wielding a great sword and wearing a plate armour (umbra, chance to defeat MR: 42%)
The orc knight looks drowsy...
Unknown command.
The helpless orc knight fails to defend itself.
You stick the orc knight like a pincushion!!!
The orc knight is almost dead.
The orc knight roars a battlecry!
The orc warrior goes into a battle-frenzy!
You hear a shout!
You hear a howl!
Casting: Ensorcelled Hibernation (safe; 1% risk of failure)
Confirm with . or Enter, or press ? or * to list all spells.
Aiming: Dazzling Spray (safe; 3% risk of failure)
Press: ? - help, Shift-Dir - straight line, f/p - orc knight
Aim: an orc knight, wielding a great sword and wearing a plate armour (almost dead, umbra)
The spray of energy hits the orc knight.
The orc knight is almost dead.
The orc knight hits you with a great sword!!
* * * LOW HITPOINT WARNING * * *
Unknown command.
Casting: Dazzling Spray (safe; 3% risk of failure)
Confirm with . or Enter, or press ? or * to list all spells.
Aiming: Dazzling Spray (safe; 3% risk of failure)
Press: ? - help, Shift-Dir - straight line, f/p - orc knight
Aim: an orc knight, wielding a great sword and wearing a plate armour (almost dead, umbra)
The spray of energy hits the orc knight.
You kill the orc knight!
Dithmenos accepts your kill.
Your Shields skill increases to level 2!
The orc warrior hits you from afar with a halberd!
* * * LOW HITPOINT WARNING * * *
Unknown command.
The orc warrior hits you from afar with a halberd!
You die...

## #### ##.#######..#### ##
##...#.##......<## ##.
#................####.. ##
#..............#.##...
##.###................#...
#........@...........#....
#.......<..........###...
###.....o)...#....#..#...
#...#.............)....
##..o..................
#####.....................
##..#.............^........
#....).....................
##..#)....#................


You could see an orc warrior and an orc wizard.

Vanquished Creatures
  An orc warlord (D:10)
  Josephine (D:11)
  The ghost of torrenera the Arsonist, a journeyman DgFE (D:11)
  An unseen horror (D:10)
  A deep elf mage (D:9)
  An orc knight (Orc:2)
  An elephant (D:8)
  2 trolls (D:9)
  A hornet (D:9)
  A wyvern (D:11)
  5 yaks
  A human (D:9)
  4 wraiths
  A basilisk (D:8)
  3 hungry ghosts
  4 wargs
  A soldier ant (D:9)
  2 water moccasins
  8 orc warriors
  3 ice beasts
  A sky beast (D:7)
  An eye of draining (D:10)
  3 phantoms
  5 ogres
  A centaur (D:10)
  2 crocodiles
  3 big kobolds
  5 bullfrogs
  An elf zombie (Ossuary)
  6 scorpions
  6 wights
  11 howler monkeys
  7 crimson imps
  2 centaur zombies
  2 bullfrog zombies
  7 hounds
  9 orc priests
  15 orc wizards
  2 human zombies (Ossuary)
  6 centaur skeletons
  2 iguanas (D:8)
  Jessica (D:2)
  7 worker ants
  A killer bee zombie (D:6)
  3 hound zombies
  2 worker ant zombies
  A howler monkey zombie (D:6)
  3 mummies (Ossuary)
  Robin (D:2)
  A howler monkey skeleton (D:9)
  10 adders
  2 shadow imps
  6 adder zombies
  3 adder skeletons
  A worm (D:2)
  4 leopard geckos
  62 orcs
  5 bats
  5 giant cockroaches
  A gnoll zombie (Ossuary)
  8 goblins
  6 hobgoblins
  6 jackals
  6 quokkas
  7 frilled lizards
  2 goblin zombies (Ossuary)
  3 hobgoblin zombies (Ossuary)
  18 kobolds
  4 kobold zombies (Ossuary)
  A leopard gecko skeleton (D:8)
  3 orc zombies (Ossuary)
  9 quokka zombies (Ossuary)
  3 rats
  2 rat zombies (Ossuary)
337 creatures vanquished.

Vanquished Creatures (collateral kills)
  3 two-headed ogres
  Eustachio (D:5)
  Edmund (D:5)
  An orc warrior (D:11)
  An ogre (D:6)
  3 wights (D:6)
  An orc priest (Orc:1)
  2 orc wizards (Orc:1)
  A worker ant zombie (D:11)
  6 orcs
20 creatures vanquished.

Vanquished Creatures (others)
  6 dancing weapons
  A black bear (D:10)
  3 withered plants (D:5)
10 creatures vanquished.

Grand Total: 367 creatures vanquished

Notes
Turn   | Place    | Note
-------+----------+-------------------------------------------
     0 | D:1      | Amnesiac the Mummy Enchanter began the quest for the Orb.
     0 | D:1      | Reached XP level 1. HP: 13/13 MP: 4/4
   357 | D:2      | Reached skill level 1 in Short Blades
   396 | D:2      | Reached XP level 2. HP: 19/19 MP: 5/5
   528 | D:3      | Reached XP level 3. HP: 24/24 MP: 7/7
   533 | D:3      | Learned a level 3 spell: Confuse
   537 | D:3      | Learned a level 3 spell: Tukima's Dance
   751 | D:4      | Noticed a scorpion
   773 | D:4      | Killed a scorpion
   773 | D:4      | Reached XP level 4. HP: 30/30 MP: 1/9
  1214 | D:4      | Reached XP level 5. HP: 35/35 MP: 0/11
  1287 | D:4      | Learned a level 3 spell: Dazzling Spray
  1824 | D:4      | Found a hide-covered altar of Uskayaw.
  2041 | D:5      | Entered Level 5 of the Dungeon
  2072 | D:5      | Found a bloodstained altar of Trog.
  2085 | D:5      | Found a sand-covered staircase.
  2102 | D:5      | Reached skill level 5 in Hexes
  2102 | D:5      | Reached XP level 6. HP: 41/41 MP: 11/13
  2145 | D:5      | Noticed Edmund
  2163 | D:5      | Killed Edmund
  2163 | D:5      | Reached skill level 5 in Spellcasting
  2356 | D:5      | Found a runed gate.
  2356 | D:5      | Found a runed gate.
  2356 | D:5      | Found a runed gate.
  2358 | D:5      | Noticed tilp's ghost (novice MfIE)
  2360 | D:5      | Noticed Kuinu's ghost (novice MiFi)
  2366 | D:5      | Found a staircase to the Ecumenical Temple.
  2371 | Temple   | Entered the Ecumenical Temple
  2474 | Ossuary  | Entered an ossuary
  2506 | Ossuary  | Reached XP level 7. HP: 46/46 MP: 15/15
  3259 | D:5      | Found an opulent altar of Gozag.
  3381 | D:5      | Noticed Eustachio
  3393 | D:5      | Killed Eustachio
  3567 | D:5      | Reached XP level 8. HP: 49/52 MP: 18/18
  5048 | D:7      | Found a hazy altar of Hepliaklqana.
  5048 | D:7      | Found a snail-covered altar of Cheibriados.
  5049 | D:7      | Found an iron altar of Okawaru.
  5323 | D:2      | Noticed Robin
  5325 | D:2      | Killed Robin
  5512 | D:2      | Noticed Jessica
  5515 | D:2      | Killed Jessica
  6190 | D:7      | Reached XP level 9. HP: 57/57 MP: 14/21
  6197 | D:7      | Learned a level 2 spell: Ensorcelled Hibernation
  6391 | D:7      | Learned a level 2 spell: Blink
  6395 | D:7      | Learned a level 3 spell: Conjure Flame
  6398 | D:7      | Learned a level 2 spell: Call Imp
  6841 | D:7      | Found Ciudirec's Distillery.
  7188 | D:8      | Noticed an elephant
  7257 | D:8      | Killed an elephant
  7503 | D:8      | Found a staircase to the Lair.
  7646 | D:8      | Found a blossoming altar of Fedhas.
  7765 | D:8      | Noticed a two-headed ogre
  7777 | D:8      | Killed a two-headed ogre
  8006 | D:8      | Found a shimmering altar of Xom.
  8014 | D:8      | Found a burning altar of Makhleb.
  8146 | D:9      | Reached skill level 10 in Hexes
  8146 | D:9      | Reached XP level 10. HP: 62/63 MP: 23/23
  8307 | D:9      | Reached skill level 5 in Short Blades
  8329 | D:9      | Found a basalt altar of Yredelemnul.
  8394 | D:9      | Found a shadowy altar of Dithmenos.
  8489 | D:9      | Found a stormy altar of Qazlal.
  8722 | D:9      | Noticed a deep elf mage
  8738 | D:9      | Killed a deep elf mage
  8738 | D:9      | Reached skill level 10 in Spellcasting
  8906 | D:9      | Found an iron altar of Okawaru.
  8952 | D:9      | Became a worshipper of Dithmenos the Shadowed
 10101 | Lair:1   | Entered Level 1 of the Lair of Beasts
 10431 | D:10     | Entered Level 10 of the Dungeon
 10431 | D:10     | Found a staircase to the Orcish Mines.
 10675 | D:10     | Noticed a two-headed ogre
 10688 | D:10     | Killed a two-headed ogre
 11644 | D:10     | Reached XP level 11. HP: 47/68 MP: 6/25
 12009 | D:10     | Noticed an unseen horror
 12014 | D:10     | Killed an unseen horror
 12014 | D:10     | Reached skill level 5 in Stealth
 12231 | D:11     | Reached * piety under Dithmenos
 12378 | D:11     | Noticed Josephine
 12391 | D:11     | Noticed a two-headed ogre
 12781 | D:11     | Killed Josephine
 12875 | D:11     | Killed a two-headed ogre
 13058 | D:11     | Found a runed gate.
 13059 | D:11     | Found a runed gate.
 13060 | D:11     | Found a runed gate.
 13062 | D:11     | Noticed torrenera's ghost (journeyman DgFE)
 13076 | D:11     | Reached ** piety under Dithmenos
 13078 | D:11     | Found a roughly hewn altar of Beogh.
 13116 | D:11     | Killed torrenera's ghost
 13413 | D:11     | Got a jewelled plate armour
 13456 | D:11     | Got a crude trident
 13488 | D:11     | Got a pitted scimitar {flame}
 13542 | D:11     | Identified the +7 plate armour of the New World {MR+ Regen+} (You took it off an orc warrior on level 11 of the Dungeon)
 13548 | D:11     | Identified the +8 trident "Xiumeate" {pierce, Int+3} (You found it on level 11 of the Dungeon)
 13549 | D:11     | Identified the +6 scimitar "Defy" {flame, rElec rF+} (You found it on level 11 of the Dungeon)
 13660 | Orc:1    | Entered Level 1 of the Orcish Mines
 13680 | Orc:1    | Noticed an orc warlord
 13976 | D:10     | Killed an orc warlord
 13976 | D:10     | Reached skill level 1 in Shields
 14341 | Orc:1    | Reached *** piety under Dithmenos
 14709 | Orc:2    | Entered Level 2 of the Orcish Mines
 14905 | Orc:2    | Noticed an orc knight
 14927 | Orc:2    | Killed an orc knight
 14934 | Orc:2    | Slain by an orc warrior

Vault maps used:
D:1:      dpeg_arrival_radiant
D:2:      uniq_robin, uniq_jessica
D:3:      first_ration, minmay_fountain_box
D:4:      nicolae_overflow_crystal_walls
D:5:      old_standard_altar, nicolae_gozag_seed_capital,
          minmay_temple_entry_butterflies, gammafunk_ghost_cemetery,
          nicolae_ossuary_entry_ruins, hangedman_decor_slide_cut, uniq_edmund,
          uniq_eustachio
D:7:      gammafunk_temple_overflow_claw, serial_shops, kennysheep_mini
D:8:      grunt_temple_overflow_champion_of_chaos, kennysheep_little_box,
          david_lair_generic
D:9:      lemuel_round_altar, yredelemnul_altar_generic,
          grunt_dithmenos_smoke_and_mirrors, basic_altar, grunt_pizzeria,
          guppyfry_early_elven_hall
D:10:     minmay_orc_entry_guard_dogs, grunt_decor_one_mirror,
          lemuel_flame_loot_1
D:11:     biasface_ghost_orc_armoury, minivault_24, kennysheep_pointless_box,
          uniq_josephine
Temple:   eino_wide_crystal_templ
Lair:1:   special_room
Orc:2:    st_orc_pillars, basic_altar
Ossuary:  minmay_ossuary_two_tombs

Skill      XL: |  1  2  3  4  5  6  7  8  9 10 11 |
---------------+----------------------------------+-----
Short Blades   | 1 3 4 7 9 |  9.7
Hexes          | 3 4 5 6 8 10 | 10.6
Spellcasting   | 3 4 5 6 8 9 10 | 10.6
Stealth        | 3 4 6 |  6.8
Shields        | 2 |  2.0
Dodging        | |  1.5

Action                   |  1- 3 |  4- 6 |  7- 9 | 10-12 || total
-------------------------+-------+-------+-------+-------++-------
Melee: Dagger            |    34 |       |       |   412 ||   446
       Hunting sling     |       |     1 |       |       ||     1
 Fire: Hunting sling     |    11 |   125 |   597 |   195 ||   928
 Cast: Corona            |    12 |       |     3 |     2 ||    17
       Confuse           |     2 |    16 |    27 |    66 ||   111
       Tukima's Dance    |       |     1 |    10 |    23 ||    34
       Dazzling Spray    |       |       |     1 |     6 ||     7
       Call Imp          |       |       |     1 |       ||     1
       Ensorcelled Hiber |       |       |       |    28 ||    28
  Use: Scroll            |     2 |     3 |     8 |    11 ||    24
 Stab: Sleeping          |     2 |       |       |    16 ||    18
       Confused          |       |       |       |    15 ||    15
Armor: Robe              |     7 |     2 |       |       ||     9
       Leather armour    |       |    11 |    88 |   133 ||   232
Dodge: Dodged            |    28 |    49 |   118 |   195 ||   390
Block: Buckler           |       |       |       |    10 ||    10

Table legend:
 A = Spawn XP
 B = Non-spawn XP
 C = Spawn XP percentage of total XP
 D = Spawn monster count
 E = Non-spawn monster count
 F = Spawn count percentage of total count
 G = Total turns spent on level
                    A         B        C        D         E        F      G
               +---------+---------+-------+---------+---------+-------+---------
         Total |       0 |   21637 |   0.0 |       0 |     357 |   0.0 | 14934
               +---------+---------+-------+---------+---------+-------+---------
           D:1 |       0 |      26 |   0.0 |       0 |      17 |   0.0 |  1088
           D:2 |       0 |     119 |   0.0 |       0 |      16 |   0.0 |   541
           D:3 |       0 |      36 |   0.0 |       0 |       9 |   0.0 |   737
           D:4 |       0 |     293 |   0.0 |       0 |      17 |   0.0 |  1523
           D:5 |       0 |     834 |   0.0 |       0 |      29 |   0.0 |  1137
           D:6 |       0 |     732 |   0.0 |       0 |      28 |   0.0 |  1243
           D:7 |       0 |     686 |   0.0 |       0 |      24 |   0.0 |  1081
           D:8 |       0 |    2450 |   0.0 |       0 |      20 |   0.0 |  1456
           D:9 |       0 |    2630 |   0.0 |       0 |      28 |   0.0 |  1351
          D:10 |       0 |    5574 |   0.0 |       0 |      37 |   0.0 |  2102
          D:11 |       0 |    5660 |   0.0 |       0 |      57 |   0.0 |  1252
         Orc:1 |       0 |    1261 |   0.0 |       0 |      33 |   0.0 |   608
         Orc:2 |       0 |     978 |   0.0 |       0 |       5 |   0.0 |   124
       Ossuary |       0 |     358 |   0.0 |       0 |      37 |   0.0 |   628
               +---------+---------+-------+---------+---------+-------+---------
